 Dungeon Crawl Stone Soup version 0.29.1-13-g9f3cf754e1 (webtiles) character file.

Game seed: 11595627064480153087

39 MisterFreud the Twirler (level 3, -3/26 (27) HPs)
             Began as a Formicid Gladiator on Feb 8, 2023.
             Slain by a killer bee (4 damage)
             ... on level 9 of the Dungeon.
             The game lasted 00:02:41 (2016 turns).

MisterFreud the Twirler (Formicid Gladiator)        Turns: 2016, Time: 00:02:42

HP:   -3/26 (27)    AC:  9    Str: 20    XL:     3   Next: 67%
MP:   3/3           EV:  8    Int:  7    God:
Gold: 56            SH:  0    Dex: 15    Spells: 2/2 levels left

rFire   . . .      SeeInvis +   a - +1 quarterstaff
rCold   . . .      Faith    .   (no shield)
rNeg    . . .      Spirit   .   j - +1 chain mail
rPois   .          Reflect  .   (helmet unavailable)
rElec   .          Harm     .   (no cloak)
rCorr   .          Rampage  .   (no gloves)
Will    .....                   (no boots)
Stlth   ..........              (no amulet)
HPRegen 0.08/turn               (no ring)
MPRegen 0.08/turn               (no ring)

@: lightly drained
A: permanent stasis, dig shafts and tunnels, antennae 3, four strong arms
a: Dig, Shaft Self


You were on level 9 of the Dungeon.
You visited 1 branch of the dungeon, and saw 7 of its levels.

You collected 56 gold pieces.

Inventory:

Hand Weapons
 a - a +1 quarterstaff (weapon)
Missiles
 c - 3 throwing nets (quivered)
 d - a javelin
Armour
 b - a +0 leather armour
 j - a +1 chain mail (worn)
Scrolls
 h - 3 scrolls of fog
Potions
 f - a potion of brilliance {unknown}
 g - a potion of attraction
 k - a potion of degeneration {unknown}


   Skills:
 - Level 2.1 Fighting
 + Level 4.4 Staves
 - Level 2.0 Throwing
 + Level 0.0 Armour
 - Level 2.6 Dodging


You had 2 spell levels left.
You didn't know any spells.
Your spell library contained the following spells:

 Spells                   Type           Power      Damage    Failure   Level
 Sandblast                Erth           0%         2d4       99%         1
 Passwall                 Tmut/Erth      0%         N/A       100%        2
 Stone Arrow              Conj/Erth      0%         3d7       100%        3


Dungeon Overview and Level Annotations

Branches:
Dungeon (4/15)
 Temple: D:4-7

Altars:
Nemelex Xobeh
Okawaru

Shops:
D:1 :

Annotations:
D:2 Robin, Terence


Innate Abilities, Weirdness & Mutations

You cannot be hasted, slowed, berserked, paralysed or teleported.
You can dig through walls and to a lower floor.
You have a pair of large antennae on your head. (SInv)
Your four strong arms can wield two-handed weapons with a shield.


Message History

A shaft appears beneath you!
You fall into a shaft and drop 2 floors!
The shaft crumbles and collapses.
Unknown command.
You start resting.
You sense a monster nearby.
A killer bee comes into view.
Found an emerald ring.
A killer bee comes into view.
The killer bee moves out of view. 2 yaks come into view.
Found an iron altar of Okawaru.
The yak bellows!
You see here a ring of resist corrosion.
Found a stone staircase leading down.
A yak comes into view.
There is a fountain of clear blue water here. 2 killer bees come into view.
The killer bee buzzes angrily. x2; You hear an angry buzzing noise.
A killer bee comes into view.
The killer bee moves out of view.
A killer bee comes into view.
A killer bee and an orc priest come into view.
The killer bee buzzes angrily.
The orc priest shouts!
You hear an angry buzzing noise. x2
Found a granite ring.
The killer bee stings you.
Okay, then.
Unknown command.
Are you sure you want to shaft yourself?
The killer bee stings you but does no damage.
The orc priest invokes the aid of Beogh against you.
Beogh smites you!
* * * LOW HITPOINT WARNING * * *
You hear an angry buzzing noise.
You begin to dig a shaft.
You continue digging a shaft.
You hear a shout!
The killer bee barely misses you.
The killer bee stings you but does no damage.
The killer bee stings you.
You die...

#..##.Y{.... #..
#..##.#.♣.♣. #..
#..##....... { #..
#..##..##... #..
##=.....##... #..
###...Y...##...
#..###.#.{.#...##..#
#...Y.#⌠#.#⌠#......# {
#.y@y.Y#...#...##..#
#.o#.#...#...#.##..#
#....>{#⌠#.#⌠#.#⌠#.#..#
#......{#...#...#.....#
#..#..#. .#...#...#...#
#.=#.#y { ⌠#.#⌠#.#⌠#..#
#. #..# #...#. #..y. #
#.{ .#.. #... ⌠


You could see 2 yaks, 2 killer bees and an orc priest.

Vanquished Creatures
  A dart slug (D:2)
  4 ball pythons
  4 endoplasms
  5 goblins
  4 hobgoblins (D:1)
  3 quokkas
  4 bats
  3 kobolds
  A rat (D:2)
29 creatures vanquished.

Notes
Turn   | Place    | Note
-------+----------+-------------------------------------------
     0 | D:1      | MisterFreud the Formicid Gladiator began the quest for the
                  | Orb.
     0 | D:1      | Reached XP level 1. HP: 16/16 MP: 1/1
   290 | D:1      | Reached XP level 2. HP: 20/22 MP: 2/2
   328 | D:1      | Found Inkoargh's Book Emporium.
   783 | D:1      | Reached skill level 4 in Staves
   783 | D:1      | Reached XP level 3. HP: 27/27 MP: 3/3
   951 | D:2      | Noticed Robin
   975 | D:2      | Noticed Terence
   976 | D:2      | You fall into a shaft and drop 1 floor!
  1336 | D:2      | You fall into a shaft and drop 2 floors!
  1653 | D:3      | You fall into a shaft and drop 3 floors!
  1716 | D:6      | Noticed a wight
  1719 | D:6      | Found a sparkling altar of Nemelex Xobeh.
  1722 | D:6      | Noticed a bullfrog
  1724 | D:6      | You fall into a shaft and drop 1 floor!
  1940 | D:7      | Noticed a wight
  1941 | D:7      | Noticed a wight
  1942 | D:7      | Noticed a wight
  1955 | D:7      | You fall into a shaft and drop 2 floors!
  1999 | D:9      | Noticed a killer bee
  2001 | D:9      | Noticed a killer bee
  2003 | D:9      | Found an iron altar of Okawaru.
  2003 | D:9      | Noticed a yak
  2003 | D:9      | Noticed a yak
  2009 | D:9      | Noticed a yak
  2011 | D:9      | Noticed a killer bee
  2011 | D:9      | Noticed a killer bee
  2011 | D:9      | Noticed a killer bee
  2012 | D:9      | Noticed a killer bee
  2012 | D:9      | Noticed a killer bee
  2015 | D:9      | HP: 1/26 [orc priest/divine providence (12)]
  2016 | D:9      | Slain by a killer bee

Illustrated notes

Levels and vault maps discovered:
D:1:      ebering_trefoil_3fold, layout_loops_ring, serial_shops, shop
D:2:      layout_basic, shapermc_ecumenical_altar_venn, uniq_terence, uniq_robin
D:3:      layout_rooms, mainiacjoe_overflow_brackets,
          nicolae_tso_carved_into_rock, gup_sewer_entry_spiral, uniq_pargi
D:4:      layout_basic
D:6:      layout_loops_ring, nicolae_overflow_crystal_walls,
          nicolae_uskayaw_dance_hall, vehumet_altar_wand_db, serial_shops,
          kennysheep_mini, nicolae_ossuary_entry_monument, amethyst_killhole,
          item_on_display_a
D:7:      layout_basic, zin_statuary, grunt_decor_junction,
          kennysheep_small_circle
D:9:      layout_long_grid, mainiacjoe_overflow_24_doors,
          lightli_temple_of_fire, okawaru_trees_1, hangedman_decor_opposing,
          kennysheep_doodads, nicolae_shop_sticking_my_neck_out

Skill      XL: |  1  2 |
---------------+-------+-----
Staves         | 4 |  4.4
Fighting       | |  2.1
Throwing       | |  2.0
Dodging        | |  2.6

Action                   || total
-------------------------++-------
Melee: Quarterstaff      ||    76
 Abil: Shaft Self        ||     6
  Use: Scroll            ||     5
Armor: Leather armour    ||    22
       Chain mail        ||    16
Dodge: Dodged            ||    63
